 Dungeon Crawl Stone Soup version 0.25-a0-707-g603da076d2 (webtiles) character file.

Game seed: 3281846367681136057, levelgen mode: deterministic

630 MisterFreud the Changer (level 7, -11/46 HPs)
             Began as an Octopode Transmuter on Apr 4, 2020.
             Killed by divine providence
             ... invoked by an orc priest
              (13 damage)
             ... on level 5 of the Dungeon.
             The game lasted 00:07:18 (5742 turns).

MisterFreud the Changer (Octopode Transmuter)       Turns: 5742, Time: 00:07:19

Health: -11/46     AC:  1    Str:  9    XL:     7   Next: 48%
Magic:  9/11       EV: 15    Int: 17    God:
Gold:   279        SH:  2    Dex: 13    Spells: 1/12 levels left

rFire    . . .     SeeInvis .     - Unarmed
rCold    . . .     Gourm    .   (no shield)
rNeg     . . .     Faith    .   (helmet restricted)
rPois    .         Spirit   .   y - +2 amulet of reflection
rElec    .         Reflect  +   i - ring of stealth
rCorr    .         Harm     .   B - ring of wizardry
MR       .....                  (no ring)
Stlth    +++.......             (no ring)
HPRegen  0.15/turn              (no ring)
MPRegen  0.12/turn              (no ring)
                                (no ring)
                                (no ring)

@: no status effects
A: almost no armour, stealthy swim, amphibious, 8 rings, constrict 8, camouflage
1, gelatinous body 1
a: no special abilities


You were on level 5 of the Dungeon.
You were very hungry.

You visited 2 branches of the dungeon, and saw 6 of its levels.

You collected 279 gold pieces.

Inventory:

Missiles
 a - 67 arrows
 k - 142 stones (quivered)
 l - 59 bolts
 A - 24 poisoned darts
Armour
 f - a +2 tower shield
Jewellery
 i - a ring of stealth (left tentacle)
 u - an uncursed amulet of the gourmand
 y - a +2 amulet of reflection (around mantle)
 B - a ring of wizardry (right tentacle)
Wands
 v - a wand of polymorph (6)
 w - a wand of enslavement (7)
 z - a wand of flame (25)
 D - a wand of digging (5)
Scrolls
 d - a scroll of magic mapping {unknown}
 g - 5 scrolls of identify {unknown}
 j - 4 scrolls of fog {unknown}
 n - a scroll of enchant armour {unknown}
 r - a scroll of blinking {unknown}
 s - a scroll of amnesia {unknown}
 t - 2 scrolls of teleportation {unknown}
 x - a scroll of random uselessness {unknown}
 E - a scroll of noise {unknown}
Potions
 b - 2 potions of resistance {unknown}
 e - 3 potions of mutation {unknown}
 h - a potion of stabbing {unknown}
 m - 2 potions of brilliance {unknown}
 o - 2 potions of curing {unknown}
 p - a potion of flight {unknown}
 q - 2 potions of degeneration {unknown}
Comestibles
 c - 9 rations


   Skills:
 + Level 3.4 Fighting
 + Level 3.9 Dodging
 - Level 4.0 Unarmed Combat
 - Level 3.0 Spellcasting
 - Level 5.1 Transmutations


You had one spell level left.
You knew the following spells:

 Your Spells              Type           Power        Failure   Level  Hunger
a - Beastly Appendage     Tmut           ###...       1%          1    None
b - Sticks to Snakes      Tmut           ###.....     1%          2    ##.....
c - Spider Form           Tmut/Pois      ##........   8%          3    ###....
d - Blade Hands           Tmut           ###.......   22%         5    ######.

Your spell library contained the following spells:

 Spells                   Type           Power        Failure   Level  Hunger
 Ice Form                 Ice/Tmut       ##......     24%         4    ####...


Dungeon Overview and Level Annotations

Branches:
Dungeon (5/15)             Temple (1/1) D:4

Altars:
Ashenzari
Dithmenos
Elyvilon
Fedhas
Gozag
Kikubaaqudgha
Makhleb
Okawaru
Qazlal
Ru
Uskayaw
Vehumet
Yredelemnul
Zin
The Shining One


Innate Abilities, Weirdness & Mutations

You cannot wear most types of armour.
You are very stealthy in the water. (Stealth+)
You are amphibious.
You can wear up to eight rings at the same time.
You can use your tentacles to constrict eight enemies at once.
Your skin changes colour to match your surroundings (Stealth+).
Your rubbery body absorbs attacks. (AC +1, EV +1)


Message History

The orc priest hits you but does no damage.
You barely miss the orc priest. The orc closely misses you.
The orc priest hits you with a +0 flail.
The orc closely misses you.
You hit the orc priest.
The orc priest is poisoned.
The orc priest is lightly wounded.
The orc completely misses you.
The orc priest calls down the wrath of Beogh upon you.
You struggle to resist.
You hit the orc priest.
The orc priest is heavily wounded.
Your transformation has ended.
The orc hits you. x2
* * * LOW HITPOINT WARNING * * *
The orc priest hits you with a +0 flail!
* * * LOW HITPOINT WARNING * * *
The orc priest calls down the wrath of Beogh upon you.
Beogh smites you!
You die...

......................#
.....................##
..........####........#
....##....##........# ### #
#...............####.# #.
###................#..##
.................#..[....#
.##.##..####.o#...........#
#....##.##.##@##..........#
##........#..oo###.........#
#..........)....o##..........##
#.....................#.......#
......>...............#.......#
.#.####......................##
##.####.......................###
#................................
.##........#............##..##...


You could see 2 orc priests and 2 orcs.

Vanquished Creatures
  Grinder (D:4)
  A phantom (D:5)
  A crimson imp (D:5)
  An orc priest (D:4)
  A hound (D:5)
  A jelly (D:5)
  A bullfrog skeleton (D:5)
  Ijyb (D:4)
  2 orc wizards
  Robin (D:3)
  3 adders
  3 worms
  6 leopard geckos
  2 orcs
  3 bats
  4 giant cockroaches
  16 goblins
  9 hobgoblins
  4 jackals
  2 ball pythons
  10 frilled lizards
  11 kobolds
  6 rats
90 creatures vanquished.

Vanquished Creatures (collateral kills)
  A scorpion (D:4)
  An adder (D:2)
  A goblin (D:2)
3 creatures vanquished.

Grand Total: 93 creatures vanquished

Notes
Turn   | Place    | Note
-------+----------+-------------------------------------------
     0 | D:1      | MisterFreud the Octopode Transmuter began the quest for the
                  | Orb.
     0 | D:1      | Reached XP level 1. HP: 13/13 MP: 3/3
    50 | D:1      | Reached XP level 2. HP: 16/18 MP: 5/5
   681 | D:1      | Reached skill level 3 in Transmutations
  1014 | D:1      | Reached XP level 3. HP: 19/23 MP: 6/6
  1098 | D:2      | Found an ancient bone altar of Kikubaaqudgha.
  1107 | D:2      | Learned a level 2 spell: Sticks to Snakes
  1111 | D:2      | Learned a level 3 spell: Spider Form
  1300 | D:2      | Reached XP level 4. HP: 11/28 MP: 4/8
  1925 | D:2      | Found a faded altar of an unknown god.
  2075 | D:2      | Found a blossoming altar of Fedhas.
  2617 | D:3      | Reached skill level 4 in Transmutations
  2998 | D:3      | Noticed Robin
  3030 | D:3      | Reached XP level 5. HP: 13/33 MP: 9/9
  3504 | D:3      | Killed Robin
  3780 | D:4      | Reached skill level 5 in Transmutations
  4314 | D:4      | Reached XP level 6. HP: 34/38 MP: 7/10
  4319 | D:4      | Noticed Grinder
  4327 | D:4      | Killed Grinder
  4557 | D:4      | Found a hide-covered altar of Uskayaw.
  4621 | D:4      | Noticed Ijyb
  4636 | D:4      | Killed Ijyb
  4816 | D:4      | Found a staircase to the Ecumenical Temple.
  4825 | Temple   | Entered the Ecumenical Temple
  5095 | D:5      | Entered Level 5 of the Dungeon
  5241 | D:5      | Reached XP level 7. HP: 44/45 MP: 11/11
  5281 | D:5      | Found a shadowy altar of Dithmenos.
  5380 | D:5      | Learned a level 5 spell: Blade Hands
  5742 | D:5      | HP: 2/46 [orc priest/+0 flail (10)]
  5742 | D:5      | Killed from afar by an orc priest

Levels and vault maps discovered:
D:1:      roderic_crossed_star, layout_basic, minmay_misc_feat_chi
D:2:      layout_loops_ring, kiku_gazebo_pond_becter,
          chequers_ecumenical_altar_lobes, minmay_misc_feat_iff, fedhas_altar_4
D:3:      layout_basic, uniq_robin
D:4:      layout_loops_cross, nicolae_overflow_crystal_walls,
          lemuel_temple_firewalk_b, st_stairs_6, uniq_grinder, uniq_ijyb
D:5:      layout_cave_pools, nicolae_dithmenos_shadow_blocks, first_ration,
          tgw_sif
Temple:   minmay_temple_bridge_abc

Skill      XL: |  1  2  3  4  5  6  7 |
---------------+----------------------+-----
Transmutations | 3 4 5 |  5.1
Spellcasting   | 3 |  3.0
Fighting       | 2 3 |  3.4
Dodging        | 3 |  3.9
Unarmed Combat | 4 |  4.0

Action                   |  1- 3 |  4- 6 |  7- 9 || total
-------------------------+-------+-------+-------++-------
Melee: Unarmed           |    88 |   127 |    28 ||   243
       Constrict         |    26 |    32 |     1 ||    59
       Kick              |     9 |     2 |       ||    11
       Tentacles         |    11 |    22 |     2 ||    35
       Punch             |     1 |     3 |       ||     4
 Cast: Beastly Appendage |     6 |     1 |       ||     7
       Sticks to Snakes  |     2 |     6 |       ||     8
       Spider Form       |       |     2 |     2 ||     4
       Blade Hands       |       |       |     1 ||     1
 Stab: Distracted        |     1 |       |       ||     1
       Sleeping          |     1 |    10 |     1 ||    12
  Eat: Chunk             |     1 |    14 |     1 ||    16
Armor: Skin              |     7 |     4 |     2 ||    13
Dodge: Dodged            |    41 |    64 |    10 ||   115
Block: Other             |       |     1 |     1 ||     2

Table legend:
 A = Non-vault XP
 B = Vault XP
 C = Vault XP percentage of total XP
 D = Non-vault monster count
 E = Vault monster count
 F = Vault count percentage of total count
                 A         B        C        D         E       F
            +---------+---------+-------+---------+---------+-------
      Total |     629 |     272 |  30.2 |      79 |      14 |  15.1
            +---------+---------+-------+---------+---------+-------
        D:1 |      35 |       0 |   0.0 |      21 |       0 |   0.0
        D:2 |      70 |       2 |   2.8 |      30 |       1 |   3.2
        D:3 |      50 |      34 |  40.5 |      14 |      10 |  41.7
        D:4 |     131 |     236 |  64.3 |       5 |       3 |  37.5
        D:5 |     343 |       0 |   0.0 |       9 |       0 |   0.0
            +---------+---------+-------+---------+---------+-------
